 Dungeon Crawl Stone Soup version 0.30-b1-2-g02819fbbbe (webtiles) character file.

Game seed: 681823223429275740

13 Alarkh the Vexing (level 2, 21/21 HPs)
             Began as a Demonspawn Hexslinger on July 8, 2023.
             Got out of the dungeon alive.
             The game lasted 00:00:20 (240 turns).

Alarkh the Vexing (Demonspawn Hexslinger)            Turns: 240, Time: 00:00:21

Health: 21/21      AC:  2    Str: 10    XL:     2   Next: 24%
Magic:  3/3        EV: 12    Int: 14    God:
Gold:   76         SH:  0    Dex: 13    Spells: 2/3 levels left

rFire   . . .        a - +1 sling
rCold   . . .        (no shield)
rNeg    . . .        c - +0 robe
rPois   .            (no helmet)
rElec   .            (no cloak)
rCorr   .            (no gloves)
SInv    .            (no boots)
Will    .....        (no amulet)
Stlth   +            (no ring)
HPRegen 0.23/turn    (no ring)
MPRegen 0.08/turn

%: no passive effects
@: no status effects
A: weakness stinger 1
a: no special abilities


You escaped.
You visited 1 branch of the dungeon, and saw 1 of its levels.

You collected 76 gold pieces.

Inventory:

Hand Weapons
 a - a +1 sling (weapon)
Armour
 c - a +0 robe (worn)
Scrolls
 b - a scroll of poison
 d - 2 scrolls of enchant weapon {unknown}
 e - 3 scrolls of teleportation {unknown}
 f - a scroll of identify {unknown}
Potions
 g - a potion of ambrosia {unknown}


   Skills:
 - Level 1.0 Fighting
 + Level 2.7 Ranged Weapons
 - Level 1.7 Dodging
 - Level 1.0 Spellcasting
 - Level 3.0 Hexes


You had 2 spell levels left.
You knew the following spells:

 Your Spells              Type           Power      Damage    Failure   Level
a - Slow                  Hex            36%        N/A       8%          1

Your spell library contained the following spells:

 Spells                   Type           Power      Damage    Failure   Level
 Inner Flame              Hex/Fire       4%         N/A       38%         3
 Portal Projectile        Hex/Tloc       8%         N/A       38%         3
 Cause Fear               Hex            4%         N/A       58%         4


Dungeon Overview and Level Annotations

Branches:
Dungeon (1/15)

Altars:


Innate Abilities, Weirdness & Mutations

You have a small tail.


Message History

You kill the kobold!
You open the door.
Found a robe.
There is an open door here.
You now have 67 gold pieces (gained 13).
You now have 76 gold pieces (gained 9).
You open the door.
There is an open door here.
You open the door.
There is an open door here.
A bat comes into view.
A bat is nearby!
You shoot a sling bullet. The sling bullet hits the bat.
You kill the bat!
You open the door. You open the door.
There is an open door here.
You open the door.
Found a faded altar of an unknown god.
There is an open door here.
You open the door.
There is an open door here.
You open the door. You open the door.
There is an open door here.
You open the door.
A hobgoblin comes into view.
The hobgoblin shouts!
A hobgoblin is nearby!
You shoot a sling bullet. The sling bullet hits the hobgoblin.
The hobgoblin is moderately wounded.
You shoot a sling bullet. The sling bullet hits the hobgoblin.
You kill the hobgoblin!
No target in view!
There is an open door here.
There is an open door here.
There is an open door here.
There is a staircase leading out of the dungeon here.
Are you sure you want to leave the Dungeon?
This will make you lose the game!
You have escaped!

..............#...#
##+#
..............#...#
#.#
...###......#...####.#
...###.........+...[#
#.#.#...##....#.....
##.....#.# ....+.....
#........# #...#.....
#........# #.........
#...@....# #.....#...
#........###.#.......
#............#...#...
#......########.....#
#....#...........>..#
###..#.########...###
##...# #... # ###.#
#... # #.# #... #


There were no monsters in sight!

Vanquished Creatures
  A dart slug (D:1)
  An endoplasm (D:1)
  3 hobgoblins (D:1)
  A bat (D:1)
  A frilled lizard (D:1)
  3 kobolds (D:1)
  2 rats (D:1)
12 creatures vanquished.

Notes
Turn   | Place    | Note
-------+----------+-------------------------------------------
     0 | D:1      | Alarkh the Demonspawn Hexslinger began the quest for the
                  | Orb.
     0 | D:1      | Reached XP level 1. HP: 15/15 MP: 2/2
    90 | D:1      | Discovered your monstrous ancestry.
    90 | D:1      | Gained mutation: You have a small tail. [demonic ancestry]
    90 | D:1      | Reached XP level 2. HP: 13/21 MP: 3/3
   213 | D:1      | Found a faded altar of an unknown god.
   240 | D:$      | Got out of the dungeon alive.

Illustrated notes

Levels and vault maps discovered:
D:1:      dpeg_arrival_orchard, layout_basic,
          hellmonk_ecumenical_altar_heavens_door, dk_noncrumbling_4,
          minmay_octomino_e4

Skill      XL: |  1 |
---------------+----+-----
Ranged Weapons | 2 |  2.7
Fighting       | |  1.0
Dodging        | |  1.7
Spellcasting   | |  1.0
Hexes          | |  3.0

Action                     || total
---------------------------++-------
   Fire: Sling             ||    25
 Armour: Robe              ||     1
  Dodge: Dodged            ||     5
